 Dungeon Crawl Stone Soup version 0.25.1-2-g60ff931df9 (webtiles) character file.

Game seed: 4353241301122294641

858 DearestLeader the Geomancer (level 8, -2/42 HPs)
             Began as a Gargoyle Earth Elementalist on Oct 16, 2020.
             Slain by an orc
             ... wielding a +0 morningstar
              (6 damage)
             ... on level 5 of the Dungeon.
             The game lasted 00:08:41 (5354 turns).

DearestLeader the Geomancer (GrEE)                  Turns: 5354, Time: 00:08:42

Health: -2/42      AC:  7    Str: 12    XL:     8   Next: 2%
Magic:  9/11       EV: 12    Int: 18    God:
Gold:   314        SH:  0    Dex: 10    Spells: 5/11 levels left

rFire    + . .     SeeInvis +   q - +1 dagger (elec)
rCold    . . .     Gourm    .   (no shield)
rNeg     + . .     Faith    .   c - +0 robe
rPois    ∞         Spirit   .   (no helmet)
rElec    +         Reflect  .   (no cloak)
rCorr    .         Harm     .   (no gloves)
MR       .....                  (no boots)
Stlth    ++........             (no amulet)
HPRegen  0.14/turn              e - ring of see invisible
MPRegen  0.12/turn              g - ring of protection from fire

@: slowed, very slow
A: negative energy resistance 1, electricity resistance, unbreathing,
petrification resistance, rot immunity, AC +5
a: no special abilities


You were on level 5 of the Dungeon.
You were not hungry.

You visited 2 branches of the dungeon, and saw 6 of its levels.

You collected 314 gold pieces.

Inventory:

Hand Weapons
 q - a +1 dagger of electrocution (weapon)
Missiles
 b - 73 stones (quivered)
Armour
 c - a +0 robe (worn)
Jewellery
 e - a ring of see invisible (left hand)
 g - a ring of protection from fire (right hand)
Wands
 m - a wand of flame (11)
Scrolls
 f - a scroll of enchant weapon {unknown}
 i - a scroll of noise {unknown}
 j - 2 scrolls of teleportation
 l - 3 scrolls of remove curse
 n - 3 scrolls of fear
Potions
 a - 2 potions of curing {unknown}
 h - a potion of heal wounds
 k - a potion of might
 p - a potion of degeneration {unknown}
Comestibles
 d - 7 rations
 o - a chunk of flesh


   Skills:
 - Level 0.4 Fighting
 - Level 0.9 Short Blades
   Level 0.9 Axes
 - Level 1.5 Dodging
 - Level 2.1 Stealth
 - Level 2.0 Spellcasting
 - Level 0.7 Transmutations
 * Level 10.7 Earth Magic


You had 5 spell levels left.
You knew the following spells:

 Your Spells              Type           Power        Failure   Level  Hunger
a - Sandblast             Erth           #####.       1%          1    #......
b - Passwall              Tmut/Erth      ###.....     2%          2    ###....
c - Stone Arrow           Conj/Erth      ###...       6%          3    ###....

Your spell library contained the following spells:

 Spells                   Type           Power        Failure   Level  Hunger
 Lee's Rapid Deconstruct  Erth           #####.....   6%          5    ######.
 Petrify                  Tmut/Erth      ###.....     17%         4    #####..


Dungeon Overview and Level Annotations

Branches:
Dungeon (5/15)             Temple (1/1) D:4

Altars:
Dithmenos
Gozag
Hepliaklqana
Kikubaaqudgha
Makhleb
Nemelex Xobeh
Okawaru
Qazlal
Sif Muna
Trog
Uskayaw
Wu Jian
Xom
Zin
The Shining One


Innate Abilities, Weirdness & Mutations

You are resistant to torment.
Your stone body is resilient. (AC +5)
You are immune to poison.
You resist negative energy. (rN+)
You are resistant to electric shocks. (rElec)
You can survive without breathing.
You are immune to petrification.
You are immune to rotting.


Message History

Confirm with . or Enter, or press ? or * to list all spells.
Aiming: Sandblast (safe; 1% risk of failure)
Press: ? - help, Shift-Dir - straight line, f/p - orc wizard
Aim: an orc wizard, wielding a +0 dagger and wearing a +0 robe (severely wounded, fast)
The blast of sand hits the orc wizard!!
You kill the orc wizard!
You have reached level 8!
You feel stronger.
b - 73 stones The orc hits you but does no damage.
The orc closely misses you.
You hit the orc but do no damage. The orc misses you.
You hit the orc but do no damage. The orc hits you with a +0 morningstar.
* * * LOW HITPOINT WARNING * * *
You hit the orc but do no damage. The orc barely misses you.
You completely miss the orc.
The crimson imp blinks!
The orc hits you with a +0 morningstar.
* * * LOW HITPOINT WARNING * * *
The crimson imp shouts, "Remove thy stench, thou hateful dizzy-eyed reprobate!"
The orc hits you with a +0 morningstar.
You die...

##.......## #.<..#####
.............####
.?.....##### .....
#.####5.. ......[)#
........# #..####o###
#......@..# #.#
##.####.#.# #.#
#.###.#..# #.#
#.##.###.## #.# #...##
##.# #.#
#..#.###.############.#
##..##.#.............#.#
#.........##########.#.#
#######......#### #..#.


You could see a crimson imp and an orc.

Vanquished Creatures
  2 ogres (D:4)
  3 scorpions
  A howler monkey (D:4)
  2 orc wizards
  2 hounds
  3 worker ants (D:4)
  2 iguanas (D:4)
  A worker ant zombie (D:4)
  A howler monkey skeleton (D:4)
  13 adders
  3 oozes
  3 worms
  A dart slug (D:1)
  7 leopard geckos
  11 orcs
  2 bat zombies (D:4)
  7 giant cockroaches
  7 goblins
  5 hobgoblins
  7 kobolds
  A quokka (D:3)
  2 ball pythons (D:1)
  11 bats
  3 frilled lizards
  3 rats (D:1)
103 creatures vanquished.

Vanquished Creatures (others)
  A fungus (D:4)
1 creature vanquished.

Grand Total: 104 creatures vanquished

Notes
Turn   | Place    | Note
-------+----------+-------------------------------------------
     0 | D:1      | DearestLeader the Gargoyle Earth Elementalist began the
                  | quest for the Orb.
     0 | D:1      | Reached XP level 1. HP: 10/10 MP: 3/3
   255 | D:1      | Reached skill level 4 in Earth Magic
   324 | D:1      | Reached XP level 2. HP: 7/15 MP: 1/5
  1005 | D:1      | Reached XP level 3. HP: 19/19 MP: 6/6
  1012 | D:1      | Found a shadowy altar of Dithmenos.
  1014 | D:1      | Found a snail-covered altar of Cheibriados.
  1014 | D:1      | Found an iron altar of Okawaru.
  1016 | D:1      | Found a burning altar of Makhleb.
  1016 | D:1      | Found a hazy altar of Hepliaklqana.
  1016 | D:1      | Found a shimmering altar of Xom.
  1815 | D:2      | Learned a level 2 spell: Passwall
  1909 | D:2      | Reached skill level 5 in Earth Magic
  1909 | D:2      | Reached XP level 4. HP: 19/24 MP: 5/7
  2506 | D:2      | Found a glowing golden altar of the Shining One.
  2963 | D:3      | Reached skill level 6 in Earth Magic
  2963 | D:3      | Reached XP level 5. HP: 10/28 MP: 2/8
  3893 | D:4      | Noticed an ogre
  3901 | D:4      | Killed an ogre
  3901 | D:4      | Reached skill level 7 in Earth Magic
  3901 | D:4      | Reached XP level 6. HP: 33/33 MP: 5/9
  3906 | D:4      | Learned a level 3 spell: Stone Arrow
  3960 | D:4      | Reached skill level 8 in Earth Magic
  4020 | D:4      | Found a staircase to the Ecumenical Temple.
  4032 | Temple   | Entered the Ecumenical Temple
  4302 | D:4      | Found an ancient bone altar of Kikubaaqudgha.
  4361 | D:4      | Reached XP level 7. HP: 32/37 MP: 10/10
  4417 | D:4      | Reached skill level 9 in Earth Magic
  4768 | D:4      | Reached skill level 10 in Earth Magic
  5048 | D:5      | Entered Level 5 of the Dungeon
  5272 | D:5      | Found an ornate altar of the Wu Jian Council.
  5349 | D:5      | Reached XP level 8. HP: 11/42 MP: 8/11
  5354 | D:5      | Slain by an orc

Illustrated notes

Levels and vault maps discovered:
D:1:      minmay_arrival_glassed_features, layout_basic, doesnt_xom_only_xom
D:2:      layout_rooms, nicolae_tso_swordbearing_angel
D:3:      layout_basic
D:4:      old_forge, layout_basic, lemuel_zombie_altar_kikubaaqudgha,
          minmay_temple_entry_slanted
D:5:      layout_loops_ring, lemuel_round_altar, kennysheep_little_box,
          overflow_temple_1_default, first_ration
Temple:   jpeg_temple_island

Skill      XL: |  1  2  3  4  5  6  7 |
---------------+----------------------+-----
Earth Magic    | 4 5 6 7 8 10 | 10.7
Fighting       | |  0.4
Short Blades   | |  0.9
Axes           | |  0.9
Dodging        | |  1.5
Stealth        | |  2.1
Spellcasting   | |  2.0
Transmutations | |  0.7

Action                   |  1- 3 |  4- 6 |  7- 9 || total
-------------------------+-------+-------+-------++-------
Melee: Hand axe          |    13 |       |       ||    13
       Dagger            |   122 |    75 |   108 ||   305
       Whip              |       |    89 |       ||    89
 Cast: Sandblast         |     6 |    20 |     2 ||    28
  Use: Scroll            |       |     6 |       ||     6
 Stab: Sleeping          |     4 |       |     2 ||     6
       Held in net/web   |       |       |     1 ||     1
  Eat: Chunk             |     3 |     9 |     3 ||    15
Armor: Robe              |    55 |    70 |    31 ||   156
Dodge: Dodged            |    98 |   109 |    71 ||   278
